 Dungeon Crawl Stone Soup version 0.28-a0-1404-g4df0f3684d (webtiles) character file.

Game seed: 8858648603765987649

598 kae the Changer (level 7, -5/51 (52) HPs)
             Began as a White Draconian Transmuter on Jan 5, 2022.
             Slain by Duvessa (7 damage)
             ... on level 3 of the Dungeon.
             The game lasted 00:02:52 (4755 turns).

kae the Changer (White Draconian Transmuter)        Turns: 4755, Time: 00:02:52

HP:   -5/51 (52)    AC:  6    Str: 13    XL:     7   Next: 17%
MP:   13/13         EV: 12    Int: 15    God:
Gold: 200           SH:  0    Dex: 11    Spells: 10/14 levels left

rFire   + . .      SeeInvis .     - Unarmed
rCold   + . .      Faith    .   (no shield)
rNeg    + . .      Spirit   .   (armour unavailable)
rPois   .          Reflect  .   (helmet restricted)
rElec   .          Harm     .   (no cloak)
rCorr   .          Rampage  .   (no gloves)
Will    .....                   (no boots)
Stlth   +.........              (no amulet)
HPRegen 0.17/turn               a - ring of protection from fire
MPRegen 0.13/turn               f - ring of positive energy

@: lightly drained
A: breathe frost, AC +6, unfitting armour, cold resistance 1, cold-blooded
a: Breathe Frost


You were on level 3 of the Dungeon.
You visited 1 branch of the dungeon, and saw 4 of its levels.

You collected 200 gold pieces.

Inventory:

Jewellery
 a - a ring of protection from fire (left hand)
 f - a ring of positive energy (right hand)
Wands
 j - a wand of charming (10)
 m - a wand of iceblast (5)
Scrolls
 b - 3 scrolls of teleportation
Potions
 c - a potion of ambrosia
 d - a potion of berserk rage
 h - a potion of brilliance


   Skills:
 - Level 1.1 Fighting
 - Level 1.7 Dodging
 - Level 3.0 Unarmed Combat
 + Level 4.4 Spellcasting
 * Level 6.5 Transmutations
 - Level 1.0 Poison Magic


You had 10 spell levels left.
You knew the following spells:

 Your Spells              Type           Power      Damage    Failure   Level
a - Beastly Appendage     Tmut           44%        N/A       1%          1
b - Spider Form           Tmut/Pois      14%        N/A       11%         3

Your spell library contained the following spells:

 Spells                   Type           Power      Damage    Failure   Level
 Wereblood                Tmut           22%        N/A       1%          2
 Ice Form                 Ice/Tmut       13%        N/A       41%         4


Dungeon Overview and Level Annotations

Branches:
Dungeon (4/15)
 Temple: D:4-7

Altars:
Kikubaaqudgha
Makhleb
The Shining One

Annotations:
D:3 Dowan, Duvessa


Innate Abilities, Weirdness & Mutations

You can breathe waves of freezing cold which knock back foes.
Your icy white scales are hard. (AC +6)
You cannot fit into any form of body armour.
Your flesh is cold resistant. (rC+)
You are cold-blooded and may be slowed by cold attacks.


Message History

Dowan blinks!
Dowan casts a spell at you. The puff of frost hits you. You resist.
Duvessa says, "My weaknesses are his strengths!"
You barely miss Dowan. You tail-slap Dowan.
Dowan is lightly wounded.
The wight hits you but does no damage.
Dowan points at you and mumbles some strange words.
You resist with significant effort.
You miss Dowan.
Dowan is lightly wounded.
The wight hits you with a +0 mace. You partially resist.
You feel drained.
Dowan points at you and mumbles some strange words.
You resist with significant effort.
You hit Dowan.
Dowan is lightly wounded.
Duvessa hits you with a +0 rapier. The wight misses you.
Dowan hits you but does no damage.
You miss Dowan.
Dowan is lightly wounded.
Duvessa hits you with a +0 rapier! The wight hits you with a +0 mace!
Dowan hits you with a +0 dagger of speed.
You feel your willpower return.
Dowan hits you with a +0 dagger of speed.
Dowan closely misses you.
Dowan points at Duvessa and mumbles some strange words.
Duvessa seems to speed up.
Duvessa completely misses you. Duvessa hits you with a +0 rapier!
* * * LOW HITPOINT WARNING * * *
Duvessa hits you with a +0 rapier.
* * * LOW HITPOINT WARNING * * *
You feel better. Duvessa hits you with a +0 rapier!
* * * LOW HITPOINT WARNING * * *
Duvessa hits you with a +0 rapier.
* * * LOW HITPOINT WARNING * * *
Dowan casts a spell.
Dowan blinks!
Duvessa hits you with a +0 rapier!
You die...

###############
#####.............#
##.................#
...............##..##############
#..###..#z#......................
#..###..#.#.#..##..##.#.########.
.....#..#.#.#ยง.##<.##.#.# #.
..##.#..#....z.e@...#.#.# #.
.....#..###.#..##...#.#.# #.
........# #.#e.##.......#### #.
>.#..#.## #.#....#...#.....# #.
###..#.####.#.###.##)...##.#####.
#..#........# #.###)#<##.......
#.........#####.#.#)#.########. #
##.###..#........#..#.########. #
#.# #..#.#####.#.#.#).......#.


You could see Duvessa (fast), Dowan and a wight.

Vanquished Creatures
  Grinder (D:3)
  A centaur (D:3)
  A scorpion (D:3)
  An orc priest (D:2)
  Ijyb (D:3)
  4 gnolls (D:3)
  9 adders
  3 worms
  2 dart slugs (D:3)
  10 orcs
  8 endoplasms
  4 giant cockroaches
  8 goblins
  4 hobgoblins
  4 quokkas
  A ball python (D:1)
  2 bats
  4 frilled lizards
  9 kobolds
  4 rats
81 creatures vanquished.

Vanquished Creatures (others)
  15 fungi (D:3)
  10 toadstools (D:3)
25 creatures vanquished.

Grand Total: 106 creatures vanquished

Notes
Turn   | Place    | Note
-------+----------+-------------------------------------------
     0 | D:1      | kae the Draconian Transmuter began the quest for the Orb.
     0 | D:1      | Reached XP level 1. HP: 16/16 MP: 3/3
    81 | D:1      | Reached XP level 2. HP: 10/23 MP: 5/5
   994 | D:1      | Reached skill level 3 in Transmutations
  1292 | D:1      | Reached XP level 3. HP: 25/28 MP: 6/6
  1334 | D:2      | Learned a level 3 spell: Spider Form
  1825 | D:2      | Reached XP level 4. HP: 35/35 MP: 8/8
  2014 | D:2      | Reached skill level 1 in Poison Magic
  2374 | D:2      | Reached skill level 4 in Transmutations
  2823 | D:3      | Found a burning altar of Makhleb.
  2893 | D:3      | Reached XP level 5. HP: 40/40 MP: 5/9
  3513 | D:3      | Noticed Ijyb
  3538 | D:3      | Killed Ijyb
  3539 | D:3      | Reached skill level 5 in Transmutations
  3792 | D:3      | Reached XP level 6. HP: 41/47 MP: 7/11
  4061 | D:3      | Found an ancient bone altar of Kikubaaqudgha.
  4219 | D:3      | Noticed Grinder
  4234 | D:3      | Killed Grinder
  4235 | D:3      | Reached skill level 6 in Transmutations
  4235 | D:3      | Your scales start taking on an icy white colour.
  4235 | D:3      | Reached XP level 7. HP: 30/52 MP: 9/13
  4235 | D:3      | Gained mutation: Your flesh is cold resistant. (rC+) [White
                  | Draconian growth]
  4371 | D:3      | Found a glowing golden altar of the Shining One.
  4476 | D:3      | Found a faded altar of an unknown god.
  4726 | D:4      | Noticed Duvessa
  4726 | D:4      | Noticed Dowan
  4753 | D:3      | HP: 2/51 [Duvessa (1)]
  4755 | D:3      | Slain by Duvessa

Illustrated notes

Levels and vault maps discovered:
D:1:      psy_arrival_whirlpool, layout_loops_ring, st_stairs_7
D:2:      layout_basic, st_stairs_9
D:3:      cheibrodos_fertilizer, layout_loops_ring,
          mainiacjoe_overflow_chevrons, tso_altar, amcnicky_altar_gilded,
          shapermc_ecumenical_altar_flowoftime, minmay_cut_off, uniq_ijyb,
          uniq_grinder
D:4:      layout_basic, amethyst_overflow_temple_binary, uniq_duvessa,
          uniq_sigmund

Skill      XL: |  1  2  3  4  5  6 |
---------------+-------------------+-----
Transmutations | 3 4 5 6 |  6.5
Poison Magic   | 1 |  1.0
Spellcasting   | 3 4 |  4.4
Fighting       | |  1.1
Dodging        | |  1.7
Unarmed Combat | |  3.0

Action                   |  1- 3 |  4- 6 |  7- 9 || total
-------------------------+-------+-------+-------++-------
Melee: Unarmed           |   116 |   180 |    15 ||   311
       Kick              |    21 |     7 |       ||    28
       Tailslap          |     8 |     7 |     1 ||    16
       Headbutt          |    11 |     1 |       ||    12
       Punch             |       |     2 |       ||     2
 Cast: Beastly Appendage |    23 |     5 |       ||    28
       Spider Form       |       |    14 |     5 ||    19
  Use: Scroll            |     2 |     1 |     7 ||    10
       Potion            |       |       |     1 ||     1
Armor: Skin              |    31 |    34 |     4 ||    69
Dodge: Dodged            |    69 |   131 |    25 ||   225

Table legend: (Time is in decaauts)
 A = Elapsed time spent in this place.
 B = Non-inter-level travel time spent in this place.
 C = Inter-level travel time spent in this place.
 D = Time resting spent in this place.
 E = Time spent auto-exploring this place.
 F = Levels seen in this place.
 G = Mean time per level.
                   A        B        C        D        E       F      G
               +--------+--------+--------+--------+--------+-----+--------+
         Total |   4742 |   4715 |     27 |      3 |   4039 |   4 | 1185.5 |
       Dungeon |   4742 |   4715 |     27 |      3 |   4039 |   4 | 1185.5 |
               +--------+--------+--------+--------+--------+-----+--------+

Top non-repeatable levels by time:
     D:2: 1751 daAuts
     D:3: 1657 daAuts
     D:1: 1329 daAuts
     D:4: 3 daAuts
